AoeStats
← Du Guesclin

Nomad

507692997Analyzed
3v3 RM · 12d ago on Sep 19, 2026· 39m 53s· 6 players
Game mode
Random Map
Map size
210×210
Population
200
Speed
Normal
Resources
Standard
Victory
Conquest
Starting age
Dark Age
Ending age
Imperial Age
RankedLock teamsTeams togetherTeam positionsShared explorationLock speedFull tech treeHidden civsTurbo modeCheats
Victory
Defeat
1077
+16
🇷🇺 Japanese · Russia
1061
+16
🇨🇭 Koreans · Switzerland
1059
+16
🇧🇪 Vietnamese · Belgium
1108
-18
🇬🇧 Persians · United Kingdom
1068
-16
🇫🇷 Burgundians · France
1021
-14
Chat ban 4 hate speech(mod=gey)
4:02 Loom
13:45 Feudal Age
14:27 Fishing Lines
15:46 Town Watch
18:27 Double-Bit Axe
22:14 Castle Age
22:15 Horse Collar
23:16 Bow Saw
23:28 Medium Warships
23:26 Gillnets
24:00 Husbandry
24:10 Bloodlines
24:16 Heavy Plow
33:56 Wheelbarrow
36:08 Imperial Age
35:08 Scale Barding Armor
35:13 Forging
36:22 Cavalier
38:35 Hand Cart
38:21 Town Patrol
37:50 Pikeman
38:31 Squires
38:44 Halberdier
Hephaistos_7387
3:49 Loom
16:01 Feudal Age
19:53 Castle Age
18:03 Fishing Lines
18:18 Double-Bit Axe
18:26 Fletching
19:35 Gold Mining
19:46 Town Watch
22:01 Bow Saw
23:15 Wheelbarrow
22:44 Town Patrol
24:07 Bodkin Arrow
25:18 Stone Mining
30:39 Imperial Age
28:26 Horse Collar
30:29 Ballistics
33:48 Murder Holes
35:43 Squires
36:18 Pikeman
37:25 Bracer
38:32 Scale Mail Armor
38:42 Forging
39:05 Halberdier
TheAnatolich
13:30 Loom
17:37 Feudal Age
19:03 Double-Bit Axe
20:33 Wheelbarrow
23:11 Castle Age
21:04 Gold Mining
21:04 Stone Mining
21:26 Horse Collar
21:55 Arson
22:11 Town Watch
22:12 Fishing Lines
23:27 Forging
23:17 Scale Mail Armor
25:54 Iron Casting
25:34 Chain Mail Armor
25:08 Gambesons
26:00 Squires
26:23 Heavy Plow
30:36 Hand Cart
30:22 Town Patrol
31:24 Fletching
32:26 Bow Saw
33:22 Gold Shaft Mining
34:23 Gillnets
40:06 Imperial Age
Du Guesclin
6:10 Loom
11:43 Fishing Lines
14:52 Feudal Age
13:10 Double-Bit Axe
15:38 Stone Mining
15:40 Gold Mining
16:06 Bow Saw
16:33 Town Watch
17:25 Wheelbarrow
17:06 Horse Collar
17:25 Gillnets
19:58 Stone Shaft Mining
24:36 Castle Age
23:29 Gold Shaft Mining
23:03 Scale Barding Armor
22:49 Fletching
24:51 Cavalier
25:32 Husbandry
26:19 Chain Barding Armor
32:50 Imperial Age
31:12 Hand Cart
31:39 Bodkin Arrow
34:13 Paladin
39:06 Plate Barding Armor
38:51 Pikeman
MiniColossus
10:16 Loom
13:42 Feudal Age
23:28 Castle Age
33:00 Imperial Age
32:52 Wheelbarrow
32:53 Cavalier
36:26 Savar
37:09 Husbandry
37:20 Bloodlines
L'arlecchino
7:27 Loom
14:26 Feudal Age
18:50 Castle Age
18:43 Stone Mining
18:39 Double-Bit Axe
24:17 Horse Collar
26:20 Heavy Plow
27:29 Gold Mining
28:24 Bow Saw
29:13 Wheelbarrow
32:39 Imperial Age
38:09 Fletching
38:20 Padded Archer Armor
Connection lost

Rejoining the realm…

Still unreachable

The connection could not be restored.

Session expired

The server has moved on; the page needs a fresh start.